 Dungeon Crawl Stone Soup version 0.25-a0-251-g572059c536 (webtiles) character file.

Game seed: 16262228954521547103, levelgen mode: deterministic

14494 floatRand the Cardsharp (level 11, -6/72 HPs)
             Began as a Demonspawn Gladiator on Dec 4, 2019.
             Was a High Priest of Nemelex Xobeh.
             Mangled by a white ugly thing (12 damage)
             ... in an ice cave.
             The game lasted 00:20:56 (12669 turns).

floatRand the Cardsharp (Demonspawn Gladiator)     Turns: 12669, Time: 00:20:56

Health: -6/72      AC: 25    Str: 15    XL:     11   Next: 89%
Magic:  21/21      EV:  8    Int: 11    God:    Nemelex Xobeh [*****.]
Gold:   379        SH:  6    Dex: 16    Spells: 10/10 levels left

rFire    . . .     SeeInvis .   H - +5 executioner's axe (chop)
rCold    + . .     Gourm    .   (shield currently unavailable)
rNeg     . . .     Faith    .   c - +3 plate armour {rPois}
rPois    +         Spirit   .   F - +2 helmet
rElec    .         Reflect  .   A - scarf {cloud immunity}
rCorr    .         Harm     .   (no gloves)
MR       .....                  B - +2 pair of boots {run}
Stlth    ..........             (no amulet)
HPRegen  0.22/turn              C - +4 ring of protection
MPRegen  0.17/turn              k - ring of protection from cold

@: quick
A: hooves 1, large bone plates 2, nightstalker 2, spiny 1
a: Draw Escape, Draw Destruction, Draw Summoning, Triple Draw, Deal Four, Stack
Five, Renounce Religion


You were in an ice cave.
You worshipped Nemelex Xobeh.
Nemelex Xobeh was extremely pleased with you.
You were not hungry.

You visited 2 branches of the dungeon, and saw 14 of its levels.
You also visited: Ice Cave.

You collected 704 gold pieces.
You spent 325 gold pieces at shops.

Inventory:

Hand Weapons
 a - a +0 flail
 r - a +4 scimitar of flaming
 G - a +2 whip of venom
 H - a +5 executioner's axe of chopping (weapon)
Missiles
 d - 6 throwing nets (quivered)
 p - 7 curare-tipped darts
Armour
 c - a +3 plate armour of poison resistance (worn)
 A - a scarf of cloud immunity (worn)
 B - a +2 pair of boots of running (worn)
 F - a +2 helmet (worn)
 J - a +1 cloak
Jewellery
 k - a ring of protection from cold (right hand)
 l - a cursed -2 ring of strength
 C - a +4 ring of protection (left hand)
Wands
 b - a wand of enslavement (21)
 y - a wand of clouds (5)
 I - a wand of flame (16)
Scrolls
 g - 2 scrolls of fog
 h - 4 scrolls of identify
 j - a scroll of enchant armour
 q - 6 scrolls of amnesia
 t - 8 scrolls of teleportation
 u - a scroll of fear {unknown}
 w - 7 scrolls of remove curse
 E - a scroll of magic mapping
Potions
 e - 3 potions of agility
 i - a potion of flight
 m - 3 potions of curing
 n - 2 potions of magic
 o - a potion of lignification
 s - 3 potions of heal wounds
 v - 3 potions of might
 x - a potion of resistance
 z - a potion of ambrosia
 D - a potion of brilliance
Comestibles
 f - 29 rations


   Skills:
 - Level 2.0 Fighting
 * Level 8.6(9.7) Axes
 - Level 7.0(9.0) Maces & Flails
 - Level 1.7 Throwing
 + Level 5.1 Armour
 - Level 7.6 Dodging
 + Level 4.1 Stealth
 * Level 14.1 Invocations


You had 10 spell levels left.
You didn't know any spells.
Your spell library contained the following spells:

 Spells                   Type           Power        Failure   Level  Hunger
 Animate Skeleton         Necr           N/A          100%        1    ##.....
 Pain                     Necr           #...         100%        1    ##.....
 Recall                   Summ/Tloc      N/A          100%        3    ####...
 Regeneration             Chrm/Necr      #.........   100%        3    ####...
 Vampiric Draining        Necr           #.........   100%        3    ####...
 Animate Dead             Necr           N/A          100%        4    #####..
 Aura of Abjuration       Summ           #.........   100%        5    ######.
 Summon Demon             Summ           #.........   100%        5    ######.
 Summon Forest            Summ/Tloc      #.........   100%        5    ######.
 Summon Mana Viper        Hex/Summ       #.......     100%        5    ######.
 Shadow Creatures         Summ           N/A          100%        6    #######


Dungeon Overview and Level Annotations

Branches:
Dungeon (11/15)            Temple (0/1) D:6            Lair (3/6) D:10
  Snake (0/4) Lair:2          Orc (0/2) D:10          IceCv (1/1)
  Swamp: Lair:2-4    Shoals: Lair:2-4

Altars:
Ashenzari
Dithmenos
Elyvilon
Fedhas
Makhleb
Nemelex Xobeh
Okawaru
Ru
Sif Muna
Yredelemnul
Zin
The Shining One
Beogh

Shops:
D:6 (*(   D:10 :

Annotations:
D:3 1 runed translucent door, Crazy Yiuf
D:10 1 runed translucent door, Lanoc's ghost, novice HaWn IceCv exclusion: 2 ice statues


Innate Abilities, Weirdness & Mutations

You have large cloven feet.
You are mostly covered in large bone plates. (SH +6)
You are significantly more attuned to the shadows.
You are partially covered in sharp spines.


Message History

The ice beast freezes you. You resist.
* * * LOW HITPOINT WARNING * * *
The ice beast closely misses you. The ice beast barely misses you.
The white ugly thing gores you.
* * * LOW HITPOINT WARNING * * *
The white ugly thing freezes you! You resist.
* * * LOW HITPOINT WARNING * * *
You are too injured to fight recklessly!
Unknown command.
Unknown command.
You closely miss the white ugly thing.
The white ugly thing is severely wounded.
You hit the ice beast but do no damage. x2; You hit the ice beast.
You kill the ice beast!
The ice beast hits you but does no damage. x2
The white ugly thing gores you.
* * * LOW HITPOINT WARNING * * *
The white ugly thing freezes you! You resist.
You die...
Your body disappears without a glow.

###..
##......
##.......
##........
#.......8.
#.........
#@u.©....?
#YY.......
#.......8.
##........
##.......
##......
###


You could see a white ugly thing and 2 ice beasts.

Vanquished Creatures
  A two-headed ogre (D:8)
  A catoblepas (D:10)
  Erica (D:9)
  An ugly thing (IceCv)
  Pikel (D:4)
  A manticore (D:10)
  A black mamba (Lair:2)
  A spiny frog (Lair:2)
  2 rime drakes (Lair:2)
  Grinder (D:6)
  2 hippogriffs
  2 wyverns
  A wraith (D:11)
  A fire bat (IceCv)
  11 yaks
  Grum (D:9)
  A naga (IceCv)
  2 acid dragons
  5 water moccasins
  2 porcupines
  6 orc warriors
  2 black bears
  4 sky beasts
  2 phantoms
  An eye of draining (D:9)
  A necrophage (D:6)
  3 ogres
  A centaur (D:8)
  9 wolves
  3 crocodiles
  A big kobold (D:9)
  9 bullfrogs
  A wyvern skeleton (D:9)
  4 scorpions
  An electric eel (D:8)
  6 jellies
  11 wights
  3 howler monkeys (D:9)
  7 crimson imps
  2 bullfrog zombies
  A quasit (D:9)
  A centaur zombie (D:7)
  9 orc priests
  8 hounds
  3 centaur skeletons
  12 orc wizards
  An iguana (D:10)
  6 worker ants
  A hound skeleton (D:4)
  2 worker ant zombies
  12 gnolls
  11 adders
  4 shadow imps
  An adder zombie (D:7)
  6 oozes
  An adder skeleton (D:6)
  8 worms
  5 dart slugs
  7 leopard geckos
  50 orcs
  3 giant cockroaches
  3 goblins (D:3)
  7 hobgoblins
  5 jackals
  10 kobolds
  2 quokkas
  4 bats
  5 frilled lizards
  A jackal skeleton (D:8)
  6 rats
  A fungus (Lair:2)
  3 plants (D:10)
315 creatures vanquished.

Vanquished Creatures (others)
  2 slaves (D:4)
  A scorpion (D:4)
  A worker ant (D:4)
  A worm (IceCv)
  A giant cockroach (D:4)
6 creatures vanquished.

Grand Total: 321 creatures vanquished

Notes
Turn   | Place    | Note
-------+----------+-------------------------------------------
     0 | D:1      | floatRand the Demonspawn Gladiator began the quest for the
                  | Orb.
     0 | D:1      | Reached XP level 1. HP: 16/16 MP: 1/1
   589 | D:1      | Gained mutation: You are partially covered in large bone
                  | plates. (SH +4) [demonic ancestry]
   589 | D:1      | Reached XP level 2. HP: 22/22 MP: 2/2
  1420 | D:2      | Gained mutation: You are mostly covered in large bone
                  | plates. (SH +6) [demonic ancestry]
  1420 | D:2      | Reached XP level 3. HP: 20/27 MP: 3/3
  1769 | D:2      | Gained mutation: You have large cloven feet. [demonic
                  | ancestry]
  1769 | D:2      | Reached XP level 4. HP: 25/33 MP: 4/4
  2381 | D:3      | Found a sparkling altar of Nemelex Xobeh.
  2411 | D:3      | Became a worshipper of Nemelex Xobeh the Trickster
  2427 | D:3      | Found a runed translucent door.
  2428 | D:3      | Noticed Crazy Yiuf
  2529 | D:3      | Received a gift from Nemelex Xobeh
  2605 | D:3      | Found an iron altar of Okawaru.
  2646 | D:3      | Reached skill level 1 in Invocations
  2813 | D:3      | Reached XP level 5. HP: 35/38 MP: 4/6
  2884 | D:3      | Reached skill level 2 in Invocations
  3323 | D:4      | Found a white marble altar of Elyvilon.
  3323 | D:4      | Reached * piety under Nemelex Xobeh
  3335 | D:4      | Noticed an ogre
  3338 | D:4      | Killed an ogre
  3338 | D:4      | Reached skill level 3 in Invocations
  3338 | D:4      | Reached XP level 6. HP: 44/44 MP: 6/8
  3361 | D:4      | Reached skill level 5 in Maces & Flails
  3383 | D:4      | Noticed a slave
  3384 | D:4      | Noticed a slave
  3385 | D:4      | Noticed Pikel
  3385 | D:4      | Noticed a slave
  3467 | D:4      | Noticed a slave
  3470 | D:4      | Killed Pikel
  3470 | D:4      | Reached skill level 5 in Dodging
  3470 | D:4      | Reached skill level 5 in Invocations
  3470 | D:4      | Reached XP level 7. HP: 50/50 MP: 8/10
  3693 | D:4      | Found an iron altar of Okawaru.
  3704 | D:4      | Found a sacrificial altar of Ru.
  3788 | D:4      | Found a shimmering blue altar of Sif Muna.
  3804 | D:4      | Identified a +1 pair of boots of running (You found it on
                  | level 4 of the Dungeon)
  4073 | D:4      | Gained mutation: You are partially covered in sharp spines.
                  | [demonic ancestry]
  4073 | D:4      | Reached XP level 8. HP: 44/56 MP: 12/12
  4200 | D:4      | Reached skill level 6 in Invocations
  4450 | D:5      | Entered Level 5 of the Dungeon
  4453 | D:5      | Found a blossoming altar of Fedhas.
  4522 | D:5      | Reached ** piety under Nemelex Xobeh
  4591 | D:5      | Received a gift from Nemelex Xobeh
  4734 | D:5      | Found a glowing silver altar of Zin.
  4790 | D:5      | Reached skill level 7 in Invocations
  5037 | D:5      | Found a blossoming altar of Fedhas.
  5037 | D:5      | Found a glowing golden altar of the Shining One.
  5149 | D:6      | Found Ostryatu's General Store.
  5190 | D:6      | Found Doyrit's Antique Weapon Shoppe.
  5202 | D:6      | Noticed Grinder
  5211 | D:6      | Killed Grinder
  5265 | D:6      | Found Nitoq's Weapon Shoppe.
  5446 | D:6      | Reached skill level 8 in Invocations
  5658 | D:6      | Found a staircase to the Ecumenical Temple.
  5735 | D:6      | Found Ogakhlek's General Store.
  5860 | D:6      | Found a shattered altar of Ashenzari.
  5932 | D:6      | Reached XP level 9. HP: 61/61 MP: 15/15
  6019 | D:6      | Found a basalt altar of Yredelemnul.
  6077 | D:6      | Bought a runed executioner's axe for 325 gold pieces
  6125 | D:7      | Reached skill level 1 in Axes
  6277 | D:7      | Reached skill level 9 in Invocations
  6834 | D:7      | Reached *** piety under Nemelex Xobeh
  6879 | D:7      | Found a burning altar of Makhleb.
  7067 | D:7      | Reached skill level 10 in Invocations
  7161 | D:7      | Received a gift from Nemelex Xobeh
  7478 | D:8      | Reached skill level 1 in Armour
  7574 | D:8      | Gained mutation: You are slightly more attuned to the
                  | shadows. [demonic ancestry]
  7574 | D:8      | Reached XP level 10. HP: 38/67 MP: 17/17
  7756 | D:8      | Noticed a two-headed ogre
  7761 | D:8      | Killed a two-headed ogre
  7761 | D:8      | Reached skill level 5 in Axes
  7761 | D:8      | Reached skill level 11 in Invocations
  8015 | D:8      | Received a gift from Nemelex Xobeh
  8634 | D:9      | Received a gift from Nemelex Xobeh
  8694 | D:9      | Found a shadowy altar of Dithmenos.
  8742 | D:9      | You fall into a shaft and drop 1 floor!
  8742 | D:10     | Entered Level 10 of the Dungeon
  8785 | D:10     | Reached skill level 12 in Invocations
  8818 | D:9      | Noticed Grum
  8831 | D:9      | Killed Grum
  8914 | D:9      | Reached skill level 1 in Stealth
  8966 | D:9      | Noticed Erica
  8969 | D:9      | Received a gift from Nemelex Xobeh
  8969 | D:9      | Killed Erica
  8982 | D:9      | Reached **** piety under Nemelex Xobeh
  9350 | D:9      | Gained mutation: You are significantly more attuned to the
                  | shadows. [demonic ancestry]
  9350 | D:9      | Reached XP level 11. HP: 72/72 MP: 20/20
  9514 | D:10     | Found a runed translucent door.
  9555 | D:10     | Noticed Lanoc's ghost (novice HaWn)
  9555 | D:10     | Noticed a glowing shapeshifter
  9555 | D:10     | a snapping turtle changed into a glowing shapeshifter
  9556 | D:10     | a glowing shapeshifter changed into a torpor snail
  9575 | D:10     | Noticed a lindwurm
  9578 | D:10     | a lindwurm changed into a tarantella
  9598 | D:10     | Found a staircase to the Lair.
  9786 | D:10     | Found Hoepaib's Book Shoppe.
 10508 | D:10     | Received a gift from Nemelex Xobeh
 10519 | D:10     | Noticed a catoblepas
 10529 | D:10     | Killed a catoblepas
 10529 | D:10     | Reached skill level 13 in Invocations
 10852 | D:10     | Found a roughly hewn altar of Beogh.
 10866 | D:10     | Found a staircase to the Orcish Mines.
 11315 | D:11     | Noticed a red ugly thing
 11347 | Lair:1   | Entered Level 1 of the Lair of Beasts
 11380 | Lair:1   | Reached ***** piety under Nemelex Xobeh
 11380 | Lair:1   | Received a gift from Nemelex Xobeh
 11892 | Lair:1   | Identified a scroll of acquirement
 11977 | Lair:1   | Received a gift from Nemelex Xobeh
 12196 | Lair:1   | Got a jewelled dagger
 12203 | Lair:1   | Identified the cursed +3 dagger of Kauz {pain, *Drain +Fly
                  | rC+ MR+} (You found it on level 1 of the Lair of Beasts)
 12242 | Lair:2   | You fall into a shaft and drop 1 floor!
 12393 | Lair:2   | Found a frozen archway.
 12410 | IceCv    | Entered an ice cave
 12410 | IceCv    | Noticed a white ugly thing
 12413 | IceCv    | Reached skill level 5 in Armour
 12413 | IceCv    | Reached skill level 14 in Invocations
 12417 | IceCv    | Killed a green ugly thing
 12629 | IceCv    | Found a transporter.
 12653 | IceCv    | Noticed a white ugly thing
 12669 | IceCv    | Mangled by a white ugly thing

Levels and vault maps discovered:
D:1:      dpeg_arrival_signposts, layout_basic
D:2:      layout_rooms, serial_forest, infiniplex_forest_corner_1,
          infiniplex_forest_split, infiniplex_forest_clump_diagonal,
          infiniplex_forest_clump_diagonal, infiniplex_forest_clump_C,
          infiniplex_forest_lined_room_2, infiniplex_forest_zigzag_1
D:3:      layout_loops_corners, lemuel_doored_altar, serial_bayou_ford_a,
          okawaru_metal_pillars_3, uniq_crazy_yiuf_cottage
D:4:      minmay_bubble_buster, layout_cave_pools, kennysheep_mini_moat,
          amethyst_overflow_temple_binary, elyvilon_altar_5, first_ration,
          uniq_pikel
D:5:      layout_rooms, kennysheep_mini, gammafunk_temple_overflow_wave,
          basic_altar
D:6:      layout_loops_ring, marbit_many_paths, minmay_temple_entry_wispy,
          serial_shops, shop, nicolae_shop_overgrown_old_shop, shop_fountains,
          shop, yredelemnul_altar_generic, uniq_grinder
D:7:      layout_basic, lightli_temple_of_fire
D:8:      statuecave_lemuel, layout_loops_ring
D:9:      layout_stronghold, nicolae_dithmenos_shadow_blocks, uniq_erica,
          uniq_grum
D:10:     nzn_motion_control, layout_basic, dpeg_oklobed_lair, david_orc_5,
          serial_shops, shop, ebering_ghost_inner_flame,
          hangedman_little_slice_of_home, glass_columns_a, grunt_ministairs_7,
          kennysheep_decorative_pillar
D:11:     layout_gridville
Lair:1:   layout_regular_city, serial_bayou_shore_b
Lair:2:   layout_chaotic_city, dummy_snake_entry, portal_ice_cave_rime,
          nicolae_volcano_entry_two_sided
Lair:3:   layout_chaotic_city, elwin_shoals_entry_rocks, gammafunk_ghost_split,
          serial_bayou_crossing, serial_bayou_shore_a
IceCv:    ice_cave_statue_garden_transporter

Skill      XL: |  1  2  3  4  5  6  7  8  9 10 11 |
---------------+----------------------------------+-----
Maces & Flails | 3 4 5 6 7 |  7.0
Dodging        | 3 4 5 7 |  7.6
Invocations    | 1 3 5 8 10 12 14 | 14.1
Axes           | 4 6 8 |  8.6
Armour         | 1 3 5 |  5.1
Stealth        | 1 4 |  4.1
Fighting       | |  2.0
Throwing       | |  1.7

Action                   |  1- 3 |  4- 6 |  7- 9 | 10-12 || total
-------------------------+-------+-------+-------+-------++-------
Melee: Flail             |    71 |   148 |       |       ||   219
       Kick              |       |    30 |     6 |       ||    36
       Whip              |       |       |   267 |       ||   267
       Executioner's axe |       |       |   113 |   310 ||   423
Throw: Throwing net      |     2 |       |       |       ||     2
 Abil: Draw Destruction  |       |     4 |     1 |     6 ||    11
       Draw Summoning    |       |       |       |     1 ||     1
  Use: Scroll            |       |       |    24 |     7 ||    31
       Potion            |       |       |       |     2 ||     2
 Stab: Sleeping          |     1 |       |       |       ||     1
       Held in net/web   |     1 |       |       |       ||     1
       Distracted        |       |       |       |     1 ||     1
       Petrifying        |       |       |       |     1 ||     1
  Eat: Chunk             |     3 |     5 |    12 |    10 ||    30
       Ration            |       |       |     1 |     1 ||     2
Armor: Leather armour    |     6 |     7 |       |       ||    13
       Ring mail         |       |    53 |    93 |       ||   146
       Plate armour      |       |       |    35 |   279 ||   314
Dodge: Dodged            |    28 |    69 |   161 |   121 ||   379
Block: Other             |     7 |    42 |    96 |   122 ||   267

Table legend:
 A = Non-vault XP
 B = Vault XP
 C = Vault XP percentage of total XP
 D = Non-vault monster count
 E = Vault monster count
 F = Vault count percentage of total count
                 A         B        C        D         E       F
            +---------+---------+-------+---------+---------+-------
      Total |   13492 |    7215 |  34.8 |     247 |      65 |  20.8
            +---------+---------+-------+---------+---------+-------
        D:1 |      15 |       0 |   0.0 |       5 |       0 |   0.0
        D:2 |     109 |       0 |   0.0 |      21 |       0 |   0.0
        D:3 |     214 |       0 |   0.0 |      38 |       0 |   0.0
        D:4 |     485 |     892 |  64.8 |      19 |      15 |  44.1
        D:5 |     388 |       0 |   0.0 |      11 |       0 |   0.0
        D:6 |     469 |     338 |  41.9 |      15 |       2 |  11.8
        D:7 |    1919 |       0 |   0.0 |      36 |       0 |   0.0
        D:8 |    2273 |       0 |   0.0 |      29 |       0 |   0.0
        D:9 |    2070 |    1449 |  41.2 |      29 |       5 |  14.7
       D:10 |    1247 |    2510 |  66.8 |      16 |      34 |  68.0
       D:11 |     422 |       0 |   0.0 |       5 |       0 |   0.0
     Lair:1 |    1580 |       0 |   0.0 |      12 |       0 |   0.0
     Lair:2 |    2154 |     766 |  26.2 |      10 |       2 |  16.7
     Lair:3 |     147 |       0 |   0.0 |       1 |       0 |   0.0
      IceCv |       0 |    1260 | 100.0 |       0 |       7 | 100.0
            +---------+---------+-------+---------+---------+-------
